 Dungeon Crawl Stone Soup version 0.22.0-38-g04b72b8 (webtiles) character file.

1038 Marcoleric the Covert (level 8, -2/78 HPs)
             Began as an Octopode Assassin on Aug 27, 2018.
             Was an Initiate of Gozag.
             Killed by divine providence
             ... invoked by an orc priest
              (10 damage)
             ... on level 7 of the Dungeon.
             The game lasted 00:28:52 (4345 turns).

Marcoleric the Covert (Octopode Assassin)           Turns: 4345, Time: 00:28:53

Health: -2/78      AC:  3    Str: 17    XL:     8   Next: 24%
Magic:  0/8        EV: 14    Int: 14    God:    Gozag
Gold:   485        SH:  0    Dex: 13    Spells: 6/7 levels left

rFire    + . .     SeeInvis .   x - +3 dagger (drain)
rCold    + . .     Gourm    .   (no shield)
rNeg     . . .     Faith    .   n - +0 hat
rPois    .         Spirit   +   m - amulet of guardian spirit
rElec    .         Reflect  .   j - ring of flight
rCorr    .         Harm     .   (no ring)
MR       .....                  (no ring)
Stlth    ..........             (no ring)
HPRegen  0.23/turn              (no ring)
MPRegen  0.11/turn              (no ring)
                                (no ring)
                                (no ring)

@: berserking, about to teleport, gold aura, fainting, very quick
A: almost no armour, stealthy swim, amphibious, 8 rings, constrict 8, slimy
green scales 1, camouflage 1, cold resistance 1, fire resistance 1, gelatinous
body 1, evolution 1
a: Potion Petition, Call Merchant, Bribe Branch, Renounce Religion, Evoke Flight


You were on level 7 of the Dungeon.
You worshipped Gozag.
Gozag was aware of your devotion.
You were fainting.

You visited 1 branch of the dungeon, and saw 7 of its levels.

You collected 508 gold pieces.
You paid 23 gold pieces to Gozag.

Inventory:

Hand Weapons
 a - a +3 dagger
 b - a +0 blowgun
 s - a +1 dagger of holy wrath
 x - a +3 dagger of draining (weapon)
Missiles
 c - 20 poisoned needles
 d - 2 curare-tipped needles
 k - 17 bolts
 v - 2 throwing nets (quivered)
Armour
 h - a +1 cloak
 n - a +0 hat (worn)
Jewellery
 j - a ring of flight (left tentacle)
 m - an amulet of guardian spirit (around mantle)
 w - an uncursed amulet of rage {unknown}
Wands
 u - a wand of flame (30)
Scrolls
 l - a scroll of random uselessness {unknown}
 o - 3 scrolls of remove curse
 r - a scroll of enchant armour
Potions
 i - a potion of lignification {unknown}
 z - a potion of might {unknown}
Comestibles
 f - 2 rations


   Skills:
 + Level 3.3 Fighting
 + Level 4.5 Short Blades
 + Level 2.1 Throwing
 + Level 3.7 Dodging
 + Level 10.9 Stealth
 + Level 0.1 Evocations


You had 6 spell levels left.
You knew the following spells:

 Your Spells              Type           Power        Failure   Level  Hunger
a - Confusing Touch       Hex            #.....       28%         1    ##.....

Your spell library contained the following spells:

 Spells                   Type           Power        Failure   Level  Hunger
 Confuse                  Hex            #.......     65%         3    ####...
 Gell's Gravitas          Tloc           #.........   65%         3    ####...
 Petrify                  Tmut/Erth      #.......     96%         4    #####..
 Metabolic Englaciation   Hex/Ice        #.........   100%        5    ######.
 Yara's Violent Unravell  Hex/Tmut       #.........   100%        5    ######.


Dungeon Overview and Level Annotations

Branches:
Dungeon (7/15)             Temple (0/1) D:6

Altars:
Ashenzari
Gozag
Vehumet
Xom

Shops:
D:3 *


Innate Abilities, Weirdness & Mutations

You cannot wear most types of armour.
You are very stealthy in the water. (Stealth+)
You are amphibious.
You can wear up to eight rings at the same time.
You can use your tentacles to constrict eight enemies at once.
Your skin changes colour to match your surroundings (Stealth+).
Your rubbery body absorbs attacks. (AC +1, EV +1)
You are partially covered in slimy green scales. (AC +2)
Your flesh is cold resistant. (rC+)
Your flesh is heat resistant. (rF+)
You evolve.


Message History

The orc hits you but does no damage. The orc hits you with a morningstar!
* * * LOW HITPOINT WARNING * * *
The orc priest barely misses you.
Okay, then.
As you read the scroll of teleportation, it crumbles to dust.
You feel strangely unstable. The orc barely misses you.
The orc hits you but does no damage.
A red film seems to cover your vision as you go berserk!
You feel yourself moving faster!
You feel mighty!
An adder zombie comes into view.
The orc priest calls down the wrath of Beogh upon you.
Pain shoots through your body!
* * * LOW HITPOINT WARNING * * *
The orc closely misses you.
The adder zombie moves out of view.
You barely miss the orc. You grab the orc. You squeeze the orc!
You kill the orc!
The orc priest calls down the wrath of Beogh upon you.
Beogh smites you!
You die...
Your body crumbles into a pile of gold.

,,,,,,,*,,,,$,*#.#,,,,,,,,######O
********,.,,.,*#.#*****,*,* #.
**..,,.##.# *,*,** #. *...,,...##
*,*,,* #. *....,*#..## *,*,,* #.
***.....##T..# *,,,,** #.
**≈≈≈≈≈.....#.## ****,,** *.
*≈≈,..≈≈.##oo..#######..***, *
*≈,,...≈...@#..........(,,,, **
*≈,,§..$##$####..####.[,,,,, ,**
*≈,,..,≈...,>,##o#####*,,,,< ,,*
*≈≈,,,≈≈..#,*,*#..o.<#*,**,,
,,*****≈≈≈≈≈...,_,,*#####..oo#***
,,*,,****###...*,*,* ####...#*
,,*,,* ****####*,***********,#...
,,*,,***,,,,,,,,,,,,,,,,,,,,,,o..
,,*,,,,,,,,,,,,,,$,$,,,,,,,,,,,,,


You could see a troll, an orc priest and an orc.

Vanquished Creatures
  A hungry ghost (D:7)
  Menkaure (D:4)
  A black bear (D:6)
  2 centaurs
  A bullfrog (D:6)
  2 hounds
  2 orc priests
  2 iguanas (D:4)
  Natasha (thrice) (D:3)
  2 orc wizards
  A worker ant (D:7)
  5 adders
  2 worms
  A dart slug (D:1)
  4 leopard geckos
  21 orcs
  9 bats
  5 giant cockroaches
  6 hobgoblins
  5 jackals
  3 quokkas
  5 frilled lizards
  7 goblins
  6 kobolds
  6 rats
  2 bushes (D:1)
  A plant (D:1)
106 creatures vanquished.

Vanquished Creatures (others)
  2 orc wizards (D:7)
  An adder skeleton (D:7)
  A giant cockroach (D:7)
4 creatures vanquished.

Grand Total: 110 creatures vanquished

Notes
Turn   | Place    | Note
-------+----------+-------------------------------------------
     0 | D:1      | Marcoleric the Octopode Assassin began the quest for the Orb.
     0 | D:1      | Reached XP level 1. HP: 14/14 MP: 1/1
   269 | D:1      | Reached XP level 2. HP: 19/19 MP: 2/2
   426 | D:1      | Reached skill level 6 in Stealth
   816 | D:1      | Reached XP level 3. HP: 24/24 MP: 3/3
   902 | D:2      | Reached skill level 7 in Stealth
   902 | D:2      | Reached XP level 4. HP: 29/29 MP: 4/4
   933 | D:2      | Found a radiant altar of Vehumet.
  1547 | D:3      | Noticed Natasha
  1558 | D:3      | Killed Natasha
  1558 | D:3      | Reached XP level 5. HP: 22/35 MP: 3/5
  1592 | D:3      | Noticed Natasha
  1683 | D:3      | Killed Natasha
  1683 | D:3      | Reached skill level 8 in Stealth
  1830 | D:3      | Noticed Natasha
  1859 | D:3      | Killed Natasha
  2089 | D:3      | Found Gozag's Platinum Reserve.
  2089 | D:3      | Found an opulent altar of Gozag.
  2102 | D:3      | Became a worshipper of Gozag Ym Sagoz the Greedy
  2843 | D:3      | Reached XP level 6. HP: 35/41 MP: 4/6
  2920 | D:3      | You fall through a shaft!
  2945 | D:4      | Gained mutation: Your flesh is heat resistant. (rF+) [potion of mutation]
  2945 | D:4      | Gained mutation: You evolve. [potion of mutation]
  2945 | D:4      | Gained mutation: You are partially covered in slimy green scales. (AC +2) [potion of mutation]
  2945 | D:4      | Gained mutation: Your flesh is cold resistant. (rC+) [potion of mutation]
  3173 | D:3      | Reached skill level 9 in Stealth
  3321 | D:4      | Noticed Menkaure
  3324 | D:4      | Killed Menkaure
  3324 | D:4      | Reached XP level 7. HP: 45/45 MP: 7/7
  3514 | D:5      | Entered Level 5 of the Dungeon
  3545 | D:5      | Found a shattered altar of Ashenzari.
  3610 | D:5      | Reached skill level 10 in Stealth
  3677 | D:6      | Learned a level 1 spell: Confusing Touch
  3754 | D:6      | Found a staircase to the Ecumenical Temple.
  3835 | D:6      | Reached XP level 8. HP: 24/52 MP: 3/8
  4328 | D:7      | Found a shimmering altar of Xom.
  4332 | D:7      | Paralysed by fainting for 9 turns
  4338 | D:7      | Noticed a troll
  4345 | D:7      | Killed from afar by an orc priest

Skill      XL: |  1  2  3  4  5  6  7 |
---------------+----------------------+-----
Stealth        | 6 7 8 9 10 | 10.9
Short Blades   | 3 4 |  4.5
Dodging        | 2 3 |  3.7
Fighting       | 3 |  3.3
Throwing       | |  2.1
Evocations     | |  0.1

Action                   |  1- 3 |  4- 6 |  7- 9 || total
-------------------------+-------+-------+-------++-------
Melee: Dagger            |   291 |   106 |    89 ||   486
       Tentacles         |    79 |    17 |    19 ||   115
       Constrict         |     9 |    23 |    15 ||    47
Evoke: Wand              |       |     1 |       ||     1
  Use: Scroll            |     5 |     5 |     4 ||    14
       Potion            |     1 |    10 |     2 ||    13
 Stab: Sleeping          |     7 |    13 |     4 ||    24
       Distracted        |       |     1 |     1 ||     2
  Eat: Ration            |       |     3 |     1 ||     4
Armor: Skin              |     2 |     7 |    13 ||    22
Dodge: Dodged            |    19 |    45 |    60 ||   124
